 Dungeon Crawl Stone Soup version 0.21.0-3-g78d12a8 (webtiles) character file.

60463 Gaball the Bludgeoner (level 14, -14/135 HPs)
             Began as an Ogre Monk on Jan 12, 2018.
             Was the Champion of Hepliaklqana.
             Demolished by Monsterracer's ghost (16 damage)
             ... on level 1 of the Orcish Mines.
             The game lasted 01:12:59 (27744 turns).

Gaball the Bludgeoner (Ogre Monk)                  Turns: 27744, Time: 01:13:00

Health: -14/135    AC: 10    Str: 19    XL:     14   Next: 99%
Magic:  14/14      EV: 16    Int: 11    God:    Hepliaklqana [******]
Gold:   1223       SH:  0    Dex: 16    Spells: 13/13 levels left

rFire    + . .     SeeInvis .   m - +7 giant spiked club
rCold    . . .     Gourm    .   (shield currently unavailable)
rNeg     . . .     Faith    .   E - +0 steam dragon scales
rPois    +         Spirit   .   p - +2 hat
rElec    .         Reflect  .   w - +0 cloak
rCorr    .         Harm     +   (gloves unavailable)
MR       +....                  (boots unavailable)
Stlth    ++........             T - amulet "Veuqyrgh" {Harm *Drain rPois}
HPRegen  0.32/turn              K - ring of protection from fire
MPRegen  0.14/turn              P - +2 ring of dexterity

@: very slightly contaminated, invisible
A: large, unfitting armour, reduced essence, tough skin 1
a: Recall Ancestor, Ancestor Identity, Transference, Idealise, Renounce Religion


You were on level 1 of the Orcish Mines.
You worshipped Hepliaklqana.
Hepliaklqana was exalted by your worship.
You were not hungry.

You visited 3 branches of the dungeon, and saw 18 of its levels.
You visited the Abyss 1 time.
You also visited: Sewer.

You collected 1757 gold pieces.
You spent 534 gold pieces at shops.

Inventory:

Hand Weapons
 a - a +0 mace
 m - a +7 giant spiked club (weapon)
 t - a +3 war axe
 S - the +6 morningstar "Demon's Curse" {venom, rN+}
   (You found it on level 10 of the Dungeon)

   It poisons the flesh of those it strikes.
   It protects you from negative energy.
Missiles
 A - 4 javelins of penetration (quivered)
Armour
 b - a +0 robe
 j - a +0 pair of gloves
 p - a +2 hat (worn)
 w - a +0 cloak (worn)
 E - +0 steam dragon scales (worn)
Jewellery
 n - an uncursed amulet of magic regeneration
 r - an uncursed ring of protection from fire
 K - a ring of protection from fire (left hand)
 L - an uncursed ring of magical power
 P - a +2 ring of dexterity (right hand)
 R - an uncursed ring of ice
 T - the amulet "Veuqyrgh" (around neck) {Harm *Drain rPois}
   (You found it on level 10 of the Dungeon)

   [amulet of harm]

   It increases damage dealt and taken.
   It protects you from poison.
   It causes draining when unequipped.
 W - a +4 ring of evasion {unknown}
Wands
 i - a wand of random effects (29)
 Q - a wand of flame (28)
 U - a wand of paralysis (16)
 X - a wand of scattershot (7)
Scrolls
 e - a scroll of magic mapping
 h - 5 scrolls of enchant armour
 l - a scroll of teleportation
 o - 8 scrolls of immolation
 q - 4 scrolls of noise
 u - 8 scrolls of remove curse
 v - 5 scrolls of amnesia
 y - a scroll of acquirement
 B - a scroll of vulnerability
 H - 2 scrolls of identify
Potions
 d - 2 potions of mutation
 f - 2 potions of resistance
 g - a potion of curing
 x - 3 potions of flight
 z - 2 potions of brilliance
 D - 4 potions of might
 M - a potion of agility
 N - a potion of berserk rage
 V - 3 potions of lignification
 Z - a potion of magic {unknown}
Books
 C - a book of Maledictions

   Spells                             Type                      Level
   a - Corona                         Hexes                        1
   b - Ensorcelled Hibernation        Hexes/Ice                    2
   c - Confuse                        Hexes                        3
   d - Tukima's Dance                 Hexes                        3
   e - Dazzling Spray                 Conjuration/Hexes            3
 F - Bunlol's Reference Book on the Glacier
   (You found it on level 4 of the Lair of Beasts)

   Spells                             Type                      Level
   a - Freeze                         Ice                          1
   b - Ensorcelled Hibernation        Hexes/Ice                    2
   c - Ozocubu's Armour               Charms/Ice                   3
   d - Summon Ice Beast               Ice/Summoning                4
   e - Freezing Cloud                 Conjuration/Ice/Air          6
 J - a book of Death

   Spells                             Type                      Level
   a - Corpse Rot                     Necromancy                   2
   b - Sublimation of Blood           Necromancy                   2
   c - Agony                          Necromancy                   5
   d - Dispel Undead                  Necromancy                   5
   e - Excruciating Wounds            Charms/Necromancy            5
   f - Bolt of Draining               Conjuration/Necromancy       5
 O - a book of Necromancy

   Spells                             Type                      Level
   a - Pain                           Necromancy                   1
   b - Animate Skeleton               Necromancy                   1
   c - Vampiric Draining              Necromancy                   3
   d - Regeneration                   Charms/Necromancy            3
   e - Animate Dead                   Necromancy                   4
   f - Borgnjor's Vile Clutch         Necromancy/Earth             5
Miscellaneous
 I - a phial of floods
Comestibles
 c - 24 rations


   Skills:
 + Level 12.5 Fighting
 - Level 10.1(14.9) Axes
 * Level 16.2(17.0) Maces & Flails
 - Level 6.5 Armour
 - Level 9.4 Dodging
 - Level 1.7 Stealth


You had 13 spell levels left.
You didn't know any spells.

Dungeon Overview and Level Annotations

Branches:
Dungeon (11/15)            Temple (0/1) D:7            Lair (6/6) D:9
  Swamp (0/4) Lair:4       Spider (0/4) Lair:3        Slime (0/5) Lair:5
    Orc (1/2) D:11

Altars:
Cheibriados
Elyvilon
Fedhas
Gozag
Hepliaklqana
Nemelex Xobeh
Okawaru
Qazlal
Ru
Sif Muna
Wu Jian
Xom
Zin
Jiyva

Shops:
D:6 *:(   D:8 *   D:10 (   D:11 :

Annotations:
D:4 hilaritas's ghost, amateur TrFi
D:8 exclusions: obsidian statue and orange crystal statue, FortyRogue's ghost, novice DDEn
D:9 exclusion: obsidian statue
D:10 2 runed doors, exclusion: door
Lair:4 exclusion: 2 oklob plants
Orc:1 Monsterracer's ghost, journeyman FoAK


Innate Abilities, Weirdness & Mutations

You are too large for most types of armour.
You have tough skin. (AC +1)
Your life essence is reduced to manifest your ancestor. (-10% HP)


Message History

A wretched star comes into view.
The wretched star glows turbulently.
The orb of energy hits you!
* * * LOW HITPOINT WARNING * * *
You fade into invisibility!
You feel better.
You are suddenly pulled into a different region of the Abyss!
Found a gateway leading out of the Abyss.
You start resting.
A large abomination materialises.
Found a scroll of identify and 51 gold pieces.
Found a corrupted altar of Lugonu.
There is a gateway leading out of the Abyss here.
You pass through the gate.
Welcome back to the Orcish Mines!
Level annotation: Monsterracer's ghost, journeyman FoAK Monsterracer's ghost hits you!!
* * * LOW HITPOINT WARNING * * *
Space warps horribly around you!
You die...

.....#..........####
.................#.
... .#.
.................#
...##..
#............#...
....#..
#....#......###.# .
..... ###......#...#
### .......
##.###.#.###..#
....#.. #W..#...##
#...# #...##.@.#...#
##.## #...[.[.)...#
### ##.##.#.##.## ##
########


You could see Monsterracer's ghost.

Vanquished Creatures
  Harold (Orc:1)
  Fannar (D:9)
  4 hydras
  The ghost of Qupu the Spear-Bearer, a journeyman GnCK of Xom (D:9)
  5 two-headed ogres
  A centaur warrior (D:10)
  4 death yaks
  Nergalle (D:10)
  An ugly thing (D:10)
  An orc sorcerer (Orc:1)
  3 elephants (Lair:5)
  Joseph (D:10)
  A torpor snail (Lair:4)
  A gargoyle (D:11)
  Psyche (D:9)
  3 black mambas
  10 spiny frogs
  4 rime drakes
  3 kobold demonologists
  An anaconda simulacrum (Abyss:3)
  6 komodo dragons
  2 polar bears
  2 trolls
  A tyrant leech (Lair:4)
  The ghost of BonjourVileCrotch the Shield-Bearer, an amateur FoFi (D:7)
  9 hippogriffs
  2 dream sheep
  13 blink frogs
  A shadow (D:10)
  Sigmund (D:5)
  4 basilisks
  34 yaks
  A hungry ghost (D:10)
  3 steam dragons (Lair:6)
  4 wargs (D:11)
  Edmund (D:3)
  7 porcupines
  A soldier ant (D:10)
  6 water moccasins
  A small abomination (Abyss:3)
  4 sky beasts
  A swamp drake (Lair:6)
  2 eyes of draining
  2 ice beasts
  3 black bears
  7 orc warriors
  A phantom (D:8)
  4 ogres
  3 centaurs
  16 wolves
  6 crocodiles
  A big kobold (D:8)
  7 bullfrogs
  5 howler monkeys
  A wight (D:8)
  5 electric eels
  5 crimson imps
  2 centaur zombies
  3 jellies
  2 bullfrog zombies (D:11)
  2 hounds
  6 orc priests
  Crazy Yiuf (D:3)
  9 orc wizards
  A bullfrog skeleton (D:4)
  Ijyb (D:3)
  9 iguanas
  10 worker ants
  A hound zombie (D:9)
  A worker ant zombie (D:7)
  Robin (D:3)
  A gnoll (D:10)
  10 adders
  A river rat (D:6)
  3 shadow imps
  6 oozes (D:4)
  2 adder skeletons (D:6)
  4 worms
  A dart slug (D:1)
  10 leopard geckos
  46 orcs
  12 giant cockroaches
  11 goblins
  8 hobgoblins
  8 jackals (D:1)
  2 quokkas
  7 ball pythons
  7 bats
  7 frilled lizards
  A jackal skeleton (D:4)
  17 kobolds
  A quokka skeleton (D:5)
  11 rats
446 creatures vanquished.

Vanquished Creatures (collateral kills)
  2 hydras (Lair:3)
  A two-headed ogre (D:7)
  2 unseen horrors (D:10)
  An elephant (Lair:5)
  2 black mambas
  2 spiny frogs
  2 rime drakes
  A komodo dragon (D:9)
  2 polar bears (Lair:4)
  3 tyrant leeches
  3 dream sheep (Lair:5)
  11 blink frogs
  2 hippogriffs
  A redback (Lair:3)
  A basilisk (Lair:2)
  A steam dragon (D:7)
  27 yaks
  A swamp worm (Lair:4)
  2 porcupines (Lair:4)
  4 water moccasins
  5 orc warriors
  An ogre (D:7)
  2 centaurs
  13 wolves
  5 crocodiles
  A big kobold (D:9)
  9 bullfrogs
  3 wights (D:8)
  2 howler monkeys
  3 crimson imps
  2 jellies
  2 starcursed masses (Abyss:3)
  A hound (D:11)
  3 orc wizards
  2 iguanas
  A worker ant (D:8)
  2 worker ant zombies
  A howler monkey skeleton (D:10)
  2 adders
  7 orcs
  A giant cockroach (D:8)
  A fungus (Lair:5)
  2 plants
142 creatures vanquished.

Vanquished Creatures (others)
  An orc wizard (D:4)
  31 battlemagi
  A bush (Lair:4)
  27 fungi
  49 plants
  3 toadstools (D:4)
112 creatures vanquished.

Grand Total: 700 creatures vanquished

Notes
Turn   | Place    | Note
-------+----------+-------------------------------------------
     0 | D:1      | Gaball the Ogre Monk began the quest for the Orb.
     0 | D:1      | Reached XP level 1. HP: 24/24 MP: 1/1
   105 | D:1      | Reached skill level 3 in Maces & Flails
   158 | D:1      | Reached XP level 2. HP: 32/32 MP: 2/2
   417 | D:1      | Reached XP level 3. HP: 35/39 MP: 3/3
   891 | D:2      | Reached skill level 4 in Maces & Flails
  1472 | D:2      | Reached XP level 4. HP: 48/48 MP: 4/4
  1617 | D:2      | Found a deep blue altar of Sif Muna.
  1880 | D:3      | Noticed Robin
  1893 | D:3      | Noticed Ijyb
  2271 | D:3      | Reached skill level 5 in Maces & Flails
  2271 | D:3      | Reached XP level 5. HP: 43/54 MP: 5/5
  2303 | D:3      | Killed Ijyb
  2305 | D:3      | Found a snail-covered altar of Cheibriados.
  2622 | D:3      | Found a runed door.
  2783 | D:3      | Killed Robin
  2783 | D:3      | Reached XP level 6. HP: 63/63 MP: 6/6
  2861 | D:3      | Noticed Crazy Yiuf
  2869 | D:3      | Killed Crazy Yiuf
  3122 | D:4      | Reached skill level 1 in Axes
  3267 | D:4      | Noticed hilaritas's ghost (amateur TrFi)
  3379 | D:4      | Noticed a phantom
  3379 | D:4      | Noticed a black bear
  3379 | D:4      | Noticed a phantom
  3522 | D:4      | Found a sacrificial altar of Ru.
  3670 | D:4      | Reached XP level 7. HP: 44/71 MP: 7/7
  4354 | D:5      | Entered Level 5 of the Dungeon
  4537 | D:5      | Found a shimmering altar of Xom.
  4537 | D:5      | Found a shimmering altar of Xom.
  4538 | D:5      | Found a shimmering altar of Xom.
  4543 | D:5      | Found a shimmering altar of Xom.
  4543 | D:5      | Found a shimmering altar of Xom.
  4572 | D:5      | Noticed Sigmund
  4582 | D:5      | Killed Sigmund
  4582 | D:5      | Reached skill level 5 in Axes
  4614 | D:5      | Reached XP level 8. HP: 66/79 MP: 8/8
  4792 | D:5      | Noticed Edmund
  4873 | D:3      | Killed Edmund
  5736 | D:6      | Found Wuskol's Assorted Antiques.
  5743 | D:6      | Bought a scroll labeled SATYEJ XAHEKUWUH for 24 gold pieces
  5743 | D:6      | Bought 3 scrolls labeled QETTEX QIUGHAA for 72 gold pieces
  5743 | D:6      | Bought a golden potion for 21 gold pieces
  5743 | D:6      | Bought a scroll labeled QOASIE TIBY for 24 gold pieces
  5743 | D:6      | Bought an orange potion for 21 gold pieces
  5929 | D:6      | Found a glowing drain.
  5943 | Sewer    | Entered a sewer
  6443 | D:6      | Found Ziarryob's Book Boutique.
  6485 | D:6      | Reached XP level 9. HP: 66/85 MP: 9/9
  6917 | D:6      | Found a shimmering altar of Xom.
  6918 | D:6      | Found a hazy altar of Hepliaklqana.
  6921 | D:6      | Noticed a spectral ugly thing
  6982 | D:6      | Found a glowing silver altar of Zin.
  7006 | D:6      | Found a white marble altar of Elyvilon.
  7009 | D:6      | Found an opulent altar of Gozag.
  7016 | D:6      | Reached skill level 1 in Armour
  7029 | D:6      | Found an iron altar of Okawaru.
  7256 | D:6      | Found Etzi's Weapon Shoppe.
  7594 | D:6      | Became a worshipper of Hepliaklqana the Forgotten
  7594 | D:6      | Reached * piety under Hepliaklqana
  7594 | D:6      | Reached ** piety under Hepliaklqana
  7596 | D:6      | Remembered your ancestor Illuratum as a battlemage
  7682 | D:7      | Found a staircase to the Ecumenical Temple.
  7750 | D:7      | Found a stormy altar of Qazlal.
  7769 | D:7      | Noticed BonjourVileCrotch's ghost (amateur FoFi)
  8381 | D:7      | Killed BonjourVileCrotch's ghost
  8853 | D:7      | Reached skill level 10 in Axes
  8853 | D:7      | Reached skill level 5 in Dodging
  9436 | D:8      | Found Enuoh's General Store.
  9625 | D:8      | Noticed an orange crystal statue
  9709 | D:8      | Reached skill level 6 in Maces & Flails
  9709 | D:8      | Reached XP level 10. HP: 84/84 MP: 10/10
  9724 | D:8      | Noticed FortyRogue's ghost (novice DDEn)
 10169 | D:8      | Noticed a two-headed ogre
 10273 | D:8      | Found an ornate altar of the Wu Jian Council.
 10394 | D:8      | Reached *** piety under Hepliaklqana
 10549 | D:8      | Killed a two-headed ogre
 10766 | D:8      | Noticed a two-headed ogre
 10861 | D:7      | Killed a two-headed ogre
 10861 | D:7      | Reached skill level 7 in Maces & Flails
 10974 | D:8      | Noticed an obsidian statue
 11444 | D:9      | Noticed Qupu's ghost (journeyman GnCK)
 11547 | D:8      | Reached skill level 5 in Armour
 11753 | D:9      | Noticed a two-headed ogre
 11755 | D:9      | Noticed Psyche
 11910 | D:9      | Killed Psyche
 11913 | D:9      | Found a sparkling altar of Nemelex Xobeh.
 12576 | D:9      | Found a blossoming altar of Fedhas.
 12618 | D:9      | Noticed an obsidian statue
 12685 | D:9      | Found a staircase to the Lair.
 12686 | D:9      | Killed a two-headed ogre
 12686 | D:9      | Reached XP level 11. HP: 90/90 MP: 11/11
 12802 | D:9      | Killed Qupu's ghost
 12802 | D:9      | Reached skill level 8 in Maces & Flails
 12847 | D:9      | Noticed a two-headed hydra
 12950 | D:10     | Entered Level 10 of the Dungeon
 12950 | D:10     | Noticed Joseph
 12950 | D:10     | Noticed Nergalle
 13034 | Lair:1   | Entered Level 1 of the Lair of Beasts
 13034 | Lair:1   | Reached **** piety under Hepliaklqana
 13165 | D:6      | Bought a +6 giant spiked club for 372 gold pieces
 13419 | Lair:1   | Reached skill level 9 in Maces & Flails
 14458 | Lair:1   | Reached skill level 10 in Maces & Flails
 14749 | Lair:1   | Reached XP level 12. HP: 64/98 MP: 12/12
 15585 | Lair:2   | Reached skill level 11 in Maces & Flails
 15798 | Lair:2   | Reached ***** piety under Hepliaklqana
 15823 | Lair:2   | Reached skill level 5 in Fighting
 16944 | Lair:3   | Found a hole to the Spider Nest.
 17384 | Lair:3   | Noticed a four-headed hydra
 17389 | Lair:3   | Killed a four-headed hydra
 17484 | Lair:3   | Reached skill level 12 in Maces & Flails
 17520 | Lair:3   | Noticed a six-headed hydra
 17706 | Lair:3   | Killed a six-headed hydra
 17851 | Lair:3   | Reached XP level 13. HP: 100/114 MP: 13/13
 18937 | Lair:4   | Reached skill level 13 in Maces & Flails
 19051 | Lair:4   | HP: 5/117 [tyrant leech (25)]
 19452 | Lair:4   | Identified Bunlol's Reference Book on the Glacier
 19694 | Lair:4   | Identified a scroll of acquirement
 20315 | Lair:4   | Found a staircase to the Swamp.
 21416 | Lair:5   | Reached skill level 10 in Fighting
 22230 | Lair:5   | Reached skill level 14 in Maces & Flails
 22495 | Lair:5   | Reached XP level 14. HP: 129/131 MP: 14/14
 22627 | Lair:5   | Found a viscous altar of Jiyva.
 22629 | Lair:5   | Found a staircase to the Slime Pits.
 22787 | Lair:6   | Entered Level 6 of the Lair of Beasts
 24042 | Lair:6   | Reached skill level 15 in Maces & Flails
 24595 | D:10     | Reached ****** piety under Hepliaklqana
 24595 | D:10     | Noticed Fannar
 24630 | D:9      | Killed Fannar
 24893 | D:10     | Got a slimy morningstar
 24894 | D:10     | Identified the +6 morningstar "Demon's Curse" {venom, rN+} (You found it on level 10 of the Dungeon)
 24905 | D:10     | Got a flickering ivory amulet
 24908 | D:10     | Identified the amulet "Veuqyrgh" {Harm *Drain rPois} (You found it on level 10 of the Dungeon)
 24995 | D:10     | Found a large runed door.
 24995 | D:10     | Found a large runed door.
 25063 | D:10     | Killed Nergalle
 25139 | D:10     | Killed Joseph
 25723 | D:10     | Found Disoinil's Weapon Shop.
 26090 | D:11     | Found a staircase to the Orcish Mines.
 26203 | Orc:1    | Entered Level 1 of the Orcish Mines
 26233 | Orc:1    | Noticed Harold
 26244 | Orc:1    | Killed Harold
 26277 | Orc:1    | Noticed Monsterracer's ghost (journeyman FoAK)
 26446 | D:11     | Reached skill level 16 in Maces & Flails
 26622 | D:11     | Found Omauppen's Book Boutique.
 27591 | Orc:1    | Cast into level 3 of the Abyss (Monsterracer's ghost)
 27708 | Abyss:3  | Noticed a starcursed mass
 27722 | Abyss:3  | Paralysed by accursed screaming for 2 turns
 27742 | Abyss:3  | Found a corrupted altar of Lugonu.
 27744 | Orc:1    | Escaped the Abyss
 27744 | Orc:1    | HP: 2/135 [Monsterracer's ghost (39)]
 27744 | Orc:1    | Demolished by Monsterracer's ghost

Skill      XL: |  1  2  3  4  5  6  7  8  9 10 11 12 13 14 |
---------------+-------------------------------------------+-----
Maces & Flails | 3 4 5 6 7 10 12 14 16 | 16.2
Axes           | 3 6 9 10 | 10.1
Dodging        | 5 7 9 |  9.4
Armour         | 3 5 6 |  6.5
Fighting       | 7 11 12 | 12.5
Stealth        | |  1.7

Action                   |  1- 3 |  4- 6 |  7- 9 | 10-12 | 13-15 || total
-------------------------+-------+-------+-------+-------+-------++-------
Melee: Mace              |   123 |   112 |       |       |       ||   235
       War axe           |       |   103 |   281 |   156 |       ||   540
       Giant spiked club |       |       |       |   205 |   553 ||   758
Invok: Ancestor Life: Ba |       |       |     1 |       |       ||     1
       Ancestor Identity |       |       |     1 |       |       ||     1
       Recall Ancestor   |       |       |       |     1 |     2 ||     3
Evoke: Wand              |       |       |    19 |    52 |    19 ||    90
       Phial of floods   |       |       |       |     1 |     1 ||     2
  Use: Scroll            |     3 |       |     4 |    14 |    18 ||    39
       Potion            |       |     1 |       |     4 |     9 ||    14
 Stab: Sleeping          |     2 |     2 |     7 |       |     1 ||    12
       Invisible         |       |     7 |       |       |       ||     7
       Distracted        |       |       |     2 |     5 |    11 ||    18
       Paralysed         |       |       |       |     4 |       ||     4
       Confused          |       |       |       |     1 |       ||     1
  Eat: Chunk             |       |     9 |    18 |    21 |    24 ||    72
       Ration            |       |       |       |     2 |     2 ||     4
Armor: Robe              |    35 |    83 |    52 |       |       ||   170
       Steam dragon scal |       |       |     7 |   119 |   157 ||   283
Dodge: Dodged            |    92 |   123 |   145 |   269 |   418 ||  1047
